 Dungeon Crawl Stone Soup version 0.29-a0-22-gbf593b16ee (webtiles) character file.

Game seed: 8594960103444706316

2713 lorenzova the Thaumaturge (level 9, 0/45 HPs)
             Began as a Deep Elf Conjurer on Jan 29, 2022.
             Was a Follower of Vehumet.
             Succumbed to a kobold brigand's curare-tipped dart
             ... on level 7 of the Dungeon.
             The game lasted 00:14:53 (9426 turns).

lorenzova the Thaumaturge (Deep Elf Conjurer)       Turns: 9426, Time: 00:14:53

Health: 0/45       AC:  3    Str:  8    XL:     9   Next: 39%
Magic:  26/26      EV: 12    Int: 28    God:    Vehumet [*.....]
Gold:   341        SH:  0    Dex: 13    Spells: 19/30 levels left

rFire   . . .      SeeInvis .   z - +3 mace "Tovvoqinn" {vorpal, Str+4}
rCold   . . .      Faith    .   (no shield)
rNeg    . . .      Spirit   .   a - +0 robe
rPois   .          Reflect  .   (no helmet)
rElec   .          Harm     .   y - +0 cloak {Will+}
rCorr   .          Rampage  .   (no gloves)
Will    +....                   (no boots)
Stlth   ++........              (no amulet)
HPRegen 0.15/turn               (no ring)
MPRegen 0.20/turn               (no ring)

@: lethally poisoned (0 -> -2), slowed, very slow
A: no striking features
a: Renounce Religion


You were on level 7 of the Dungeon.
You worshipped Vehumet.
Vehumet was aware of your devotion.
You visited 2 branches of the dungeon, and saw 8 of its levels.

You collected 341 gold pieces.

Inventory:

Hand Weapons
 x - a +3 quarterstaff of chaos
 z - the +3 mace "Tovvoqinn" (weapon) {vorpal, Str+4}
   (You found it on level 5 of the Dungeon)

   It inflicts extra damage upon your enemies.
   Str:       It affects your strength (+4).
Missiles
 l - 2 throwing nets
Armour
 a - a +0 robe (worn)
 o - a +1 ring mail of fire resistance
 y - a +0 cloak of willpower (worn)
Wands
 h - a wand of digging (10)
 m - a wand of iceblast (5)
 r - a wand of flame (15)
Scrolls
 b - 4 scrolls of enchant weapon
 c - a scroll of fear
 e - 3 scrolls of enchant armour
 g - a scroll of summoning {unknown}
 i - a scroll of vulnerability {unknown}
 k - 2 scrolls of torment
 p - 2 scrolls of teleportation
 q - a scroll of fog {unknown}
 w - a scroll of magic mapping {unknown}
 A - a scroll of noise {unknown}
 B - 2 scrolls of silence {unknown}
Potions
 d - 2 potions of invisibility
 f - 2 potions of curing
 j - 4 potions of heal wounds
 n - a potion of berserk rage
 s - 2 potions of brilliance
 t - a potion of might {unknown}
 u - a potion of magic {unknown}
 v - a potion of cancellation
 C - a potion of haste


   Skills:
 - Level 2.4 Dodging
 - Level 2.4 Stealth
 * Level 11.2 Spellcasting
 * Level 10.1 Conjurations
 + Level 4.6 Hexes
 + Level 4.0 Translocations


You had 19 spell levels left.
You knew the following spells:

 Your Spells              Type           Power      Damage    Failure   Level
a - Magic Dart            Conj           100%       1d8       1%          1
b - Searing Ray           Conj           100%       2d8       1%          2
c - Iskenderun's Mystic   Conj/Tloc      53%        2d11      1%          4
d - Fulminant Prism       Conj/Hex       27%        3d14      1%          4

Your spell library contained the following spells:

 Spells                   Type           Power      Damage    Failure   Level
 Freeze                   Ice            60%        1d8       3%          1
 Dazzling Flash           Conj/Hex       100%       N/A       1%          3
 Lightning Bolt           Conj/Air       22%        1d37      12%         5
 Airstrike                Air            7%         N/A       34%         4
 Summon Lightning Spire   Summ/Air       15%        N/A       34%         4


Dungeon Overview and Level Annotations

Branches:
Dungeon (7/15)             Temple (1/1) D:4

Altars:
Cheibriados
Dithmenos
Elyvilon
Fedhas
Gozag
Hepliaklqana
Kikubaaqudgha
Makhleb
Nemelex Xobeh
Okawaru
Qazlal
Ru
Sif Muna
Trog
Vehumet
Wu Jian
Xom
Zin
The Shining One

Annotations:
D:2 Natasha, Sigmund
D:3 2 transporters, p0werm0de's ghost, amateur DsCK


Message History

Confirm with . or Enter, or press ? or * to list all spells.
You don't know that spell.
A bullfrog comes into view.
Casting: Magic Dart (safe; 1% risk of failure)
Confirm with . or Enter, or press ? or * to list all spells.
Aiming: Magic Dart (safe; 1% risk of failure)
Press: ? - help, Shift-Dir - straight line, f - kobold
Aim: a kobold, wielding a +0 dagger (100% to hit)
The magic dart hits the kobold!
You kill the kobold!
Vehumet accepts your kill.
Casting: Magic Dart (safe; 1% risk of failure)
Confirm with . or Enter, or press ? or * to list all spells.
Aiming: Magic Dart (safe; 1% risk of failure)
Press: ? - help, Shift-Dir - straight line, f - bullfrog
Aim: a bullfrog (100% to hit)
The magic dart hits the bullfrog.
The bullfrog is lightly wounded.
The kobold brigand throws a curare-tipped dart.
The curare-tipped dart hits you.
You are poisoned.
You have difficulty breathing.
You feel yourself slow down.
You feel very sick.
You feel very sick. The bullfrog hits you.
You feel very sick. The bullfrog closely misses you.
You feel sick.
The bullfrog hits you but does no damage.
You feel sick. The bullfrog hits you!
* * * LOW HITPOINT WARNING * * *
The bullfrog hits you.
* * * LOW HITPOINT WARNING * * *
A kobold comes into view. It is wielding a +0 dagger.
You feel sick.
The bullfrog releases a deep croak.
The bullfrog hits you.
* * * LOW HITPOINT WARNING * * *
There is an escape hatch in the ceiling here.
You die...

# #.......#
#.######.......#
..#..............# .
#.#..............#
#.#.<..............#
............########.#
....................#
#####....K......)......#
#...)).####.#.@.........
##...#..##F.........
###K.(##.K.........
##...K.###.......
#............####
#####........#
#........# ##########


You could see a kobold brigand, a bullfrog and 2 kobolds.

Vanquished Creatures
  Pikel (D:6)
  A steam dragon (D:6)
  2 water moccasins
  2 ice beasts
  A black bear (D:6)
  An ogre (D:6)
  An orc warrior (D:6)
  2 phantoms
  3 lemures (D:6)
  A kobold brigand (D:6)
  3 scorpions
  A water moccasin skeleton (D:6)
  4 killer bees (D:6)
  A howler monkey (D:6)
  2 bullfrog zombies
  3 hounds
  A jelly (D:5)
  2 orc priests
  Crazy Yiuf (D:5)
  A bullfrog skeleton (D:5)
  2 centaur skeletons
  Jessica (D:3)
  2 iguanas
  Ijyb (D:4)
  Terence (D:3)
  4 orc wizards
  Robin (D:2)
  4 gnolls (D:5)
  2 adders
  A shadow imp (D:5)
  An adder skeleton (D:4)
  A dart slug (D:1)
  A worm (D:3)
  16 orcs
  5 ball pythons
  3 endoplasms (D:4)
  2 giant cockroaches
  26 goblins
  14 hobgoblins
  4 jackals (D:2)
  17 kobolds
  5 quokkas
  2 bats
  2 frilled lizards
  3 rats
155 creatures vanquished.

Notes
Turn   | Place    | Note
-------+----------+-------------------------------------------
     0 | D:1      | lorenzova the Deep Elf Conjurer began the quest for the
                  | Orb.
     0 | D:1      | Reached XP level 1. HP: 10/10 MP: 6/6
   663 | D:1      | Found a faded altar of an unknown god.
   702 | D:1      | Reached XP level 2. HP: 15/15 MP: 4/8
   705 | D:1      | Learned a level 2 spell: Searing Ray
  1500 | D:2      | Found an opulent altar of Gozag.
  1640 | D:2      | Reached skill level 4 in Spellcasting
  1641 | D:2      | Noticed Robin
  1654 | D:2      | Reached skill level 5 in Conjurations
  1654 | D:2      | Reached XP level 3. HP: 19/19 MP: 4/10
  1661 | D:2      | Noticed Natasha
  1933 | D:2      | Noticed Sigmund
  2155 | D:2      | Killed Robin
  2432 | D:3      | Reached XP level 4. HP: 24/24 MP: 8/12
  2468 | D:3      | Reached skill level 5 in Spellcasting
  2661 | D:3      | Noticed Jessica
  2666 | D:3      | Killed Jessica
  2667 | D:3      | Reached XP level 5. HP: 22/28 MP: 9/14
  3066 | D:3      | Found a transporter.
  3068 | D:3      | Noticed p0werm0de's ghost (amateur DsCK)
  3069 | D:3      | Found a transporter.
  3337 | D:3      | Noticed Terence
  3341 | D:3      | Killed Terence
  3560 | D:4      | Noticed Ijyb
  3567 | D:4      | Killed Ijyb
  4079 | D:4      | Found a staircase to the Ecumenical Temple.
  4098 | D:4      | Reached skill level 6 in Spellcasting
  4147 | Temple   | Entered the Ecumenical Temple
  4154 | Temple   | Became a worshipper of Vehumet
  4759 | D:4      | Reached XP level 6. HP: 32/32 MP: 9/17
  4956 | D:5      | Entered Level 5 of the Dungeon
  5127 | D:5      | Found a stormy altar of Qazlal.
  5127 | D:5      | Noticed an ice beast
  5142 | D:5      | Killed an ice beast
  5143 | D:5      | Reached skill level 7 in Spellcasting
  5414 | D:5      | Reached XP level 7. HP: 36/36 MP: 15/20
  5707 | D:5      | Reached skill level 8 in Spellcasting
  5768 | D:5      | Found a runed translucent door.
  5769 | D:5      | Noticed Crazy Yiuf
  5777 | D:5      | Killed Crazy Yiuf
  6297 | D:5      | Identified the +3 mace "Tovvoqinn" {vorpal, Str+4}
  6657 | D:5      | Reached * piety under Vehumet
  6657 | D:5      | Offered knowledge of Freeze by Vehumet.
  6921 | D:6      | Learned a level 4 spell: Iskenderun's Mystic Blast
  6926 | D:6      | Learned a level 4 spell: Fulminant Prism
  6931 | D:6      | Noticed Pikel
  7247 | D:6      | Noticed a steam dragon
  7252 | D:6      | Reached skill level 9 in Spellcasting
  7252 | D:6      | Reached skill level 1 in Hexes
  7252 | D:6      | Reached skill level 1 in Translocations
  7252 | D:6      | Reached XP level 8. HP: 40/41 MP: 16/23
  7870 | D:6      | Reached skill level 10 in Spellcasting
  8684 | D:6      | Reached XP level 9. HP: 45/45 MP: 19/25
  8819 | D:6      | Killed Pikel
  8820 | D:6      | Reached skill level 11 in Spellcasting
  9036 | D:6      | Reached skill level 10 in Conjurations
  9425 | D:7      | HP: 2/45 [bullfrog (2)]
  9426 | D:7      | Succumbed to a kobold brigand's curare-tipped dart

Illustrated notes

Levels and vault maps discovered:
D:1:      shiori_arrival_elements, layout_loops_corners,
          hellmonk_ecumenical_altar_blasted, minmay_misc_feat_plants
D:2:      layout_basic, basic_altar, uniq_natasha, uniq_robin, uniq_sigmund
D:3:      layout_loops_ring, gammafunk_ghost_mausoleum, uniq_terence,
          uniq_jessica
D:4:      layout_basic, nicolae_overflow_hidden_temple,
          minmay_temple_entry_mini_moons, minivault_25, serial_bayou_lake_a,
          uniq_ijyb
D:5:      corexii_shantytown, layout_basic, nicolae_qazlal_general_emergency,
          uniq_crazy_yiuf_cottage
D:6:      layout_loops_corners, uniq_pikel
D:7:      layout_rooms
Temple:   nicolae_temple_no_exploring_needed

Skill      XL: |  1  2  3  4  5  6  7  8  9 |
---------------+----------------------------+-----
Spellcasting   | 4 5 6 7 9 10 11 | 11.2
Conjurations   | 5 6 7 8 9 10 | 10.1
Hexes          | 1 3 4 |  4.6
Translocations | 1 3 4 |  4.0
Dodging        | |  2.4
Stealth        | |  2.4

Action                   |  1- 3 |  4- 6 |  7- 9 || total
-------------------------+-------+-------+-------++-------
Melee: Mace              |       |       |     4 ||     4
 Cast: Magic Dart        |    77 |    50 |   131 ||   258
       Searing Ray       |     2 |    13 |    45 ||    60
       Iskenderun's Myst |       |       |     7 ||     7
  Use: Scroll            |       |     6 |     6 ||    12
Armor: Robe              |     2 |     3 |     9 ||    14
Dodge: Dodged            |     4 |     9 |    35 ||    48

Table legend: (Time is in decaauts)
 A = Elapsed time spent in this place.
 B = Non-inter-level travel time spent in this place.
 C = Inter-level travel time spent in this place.
 D = Time resting spent in this place.
 E = Time spent auto-exploring this place.
 F = Levels seen in this place.
 G = Mean time per level.
                   A        B        C        D        E       F      G
               +--------+--------+--------+--------+--------+-----+--------+
         Total |   9465 |   9211 |    254 |   3728 |   4270 |   8 | 1183.1 |
       Dungeon |   9450 |   9203 |    247 |   3728 |   4270 |   7 | 1350.0 |
        Temple |     14 |      7 |      7 |      0 |      0 |   1 |   14.0 |
               +--------+--------+--------+--------+--------+-----+--------+

Top non-repeatable levels by time:
     D:5: 2165 daAuts
     D:6: 2109 daAuts
     D:4: 1485 daAuts
     D:2: 1253 daAuts
     D:1: 1231 daAuts
     D:3: 1005 daAuts
     D:7: 199 daAuts
  Temple: 14 daAuts
